 Dungeon Crawl Stone Soup version 0.31-b1-20-g67cafac56d (webtiles) character file.

Game seed: 16773898908480179093

14 Esekla the Sneak (level 2, -4/21 HPs)
             Began as an Octopode Delver on Jan 17, 2024.
             Slain by an ogre
             ... wielding a +0 giant club
              (10 damage)
             ... on level 5 of the Dungeon.
             The game lasted 00:01:37 (134 turns).

Esekla the Sneak (Octopode Delver)                   Turns: 134, Time: 00:01:38

Health: -4/21      AC:  1    Str: 11    XL:     2   Next: 41%
Magic:  2/2        EV: 13    Int: 12    God:
Gold:   0          SH:  0    Dex: 13    Spells: 1/1 levels left

rFire   . . .        a - +0 falchion
rCold   . . .        (no shield)
rNeg    . . .        (helmet restricted)
rPois   .            (no amulet)
rElec   .            (no ring)
rCorr   .            (no ring)
SInv    .            (no ring)
Will    .....        (no ring)
Stlth   ++++         (no ring)
HPRegen 0.23/turn    (no ring)
MPRegen 0.08/turn    (no ring)
                     (no ring)

%: no passive effects
@: no status effects
A: almost no armour, amphibious, 8 rings, camouflage 1, gelatinous body 1,
(nimble swimmer 1), tentacles
a: no special abilities


You were on level 5 of the Dungeon.
You visited 1 branch of the dungeon, and saw 1 of its levels.

Inventory:

Hand Weapons
 a - a +0 falchion (weapon)
 h - a +0 trident
Wands
 f - a wand of digging (2)
Scrolls
 b - a scroll of fog
 c - a scroll of revelation
 d - a scroll of fear
 g - a scroll of teleportation {unknown}
Potions
 e - a potion of haste


   Skills:
 * Level 3.1 Fighting
 * Level 2.1 Long Blades
 * Level 2.1 Dodging
 + Level 7.0 Stealth
 * Level 0.3 Spellcasting


You had one spell level left.
You didn't know any spells.
Your spell library was empty.

Dungeon Overview and Level Annotations

Branches:
Dungeon (5/15)
 Temple: D:4-7

Altars:
Sif Muna
Vehumet


Innate Abilities, Weirdness & Mutations

You cannot wear most types of armour.
You are amphibious.
You can wear up to eight rings at the same time.
Your skin changes colour to match your surroundings (Stealth+).
Your rubbery body absorbs attacks. (AC +1, EV +1)
((You are camouflaged when in or above water. (Stealth+)))
You have tentacles for arms and can constrict up to eight enemies at once.


Message History

Found a worn copper wand.
The howler monkey howls!
The orc wizard mumbles some strange words.
The orc wizard flickers and vanishes!
Deactivating autopickup; reactivate with Ctrl-A.
There is an open door here.
The howler monkey closely misses you.
You open the gate.
The howler monkey hoots and howls with incredible vigour!
You hear a shout! x3; You hear an angry hiss.
You hear a shout!
You hear an angry hiss.
There is an open gate here.
The howler monkey attacks as it pursues you!
The howler monkey barely misses you.
You open the gate. The howler monkey hits you.
Found a radiant altar of Vehumet.
The howler monkey hoots and howls with incredible vigour!
An orc comes into view. It is wielding a +0 dagger.
You open the gate. 2 ogres come into view.
The ogre shouts!
The howler monkey misses you. The howler monkey misses you.
A jelly comes into view.
The howler monkey hoots and howls with incredible vigour!
You hear an angry hiss. x2
As you open the gate, it creaks loudly! The orc closely misses you.
The ogre closely misses you. The ogre hits you with a +0 giant club.
Found a shimmering blue altar of Sif Muna.
You hit the ogre.
The ogre is lightly wounded.
The orc hits you with a +0 mace! The orc hits you but does no damage.
The ogre misses you. The orc closely misses you.
You hit the ogre.
The ogre is moderately wounded.
The ogre closely misses you. The orc hits you with a +0 dagger.
* * * LOW HITPOINT WARNING * * *
The ogre hits you with a +0 giant club!
You die...

,,**,,,,,**,,,,**,****,,,****,***
,,**,,,,,**,,,,**+****,,,****+**
,,,,,,,,,,,,,,,,,,,,,,,,,*,,,,,*
,,,,,,,,,,,,,,#####,,,,,,*,,,,,*
,,,,,,,,,.....#...#,,,,,,+,,,,,*
,,,,,,,,,,....#._.#,,,,,,*,,,,**
,,**#####*#/..#...#***,****,,,*
,,**#....##...#'''#######**,,,**
,,,,..........#o@O#......,,,,,,*
,,,,..........o.8OhJ.....,,,,,,*
,,,,..........'.8oo.l....,,,,,,*
,,,,..........'.8w'......,,,,,,*
,,,**######'###...##.####,,,,***
*****#...##.###'''#*.####,,,,**
#.....oo..#...#...........#
#.........#._.#.....<.....#
#....o....#...#...........#


You could see 2 ogres, a ribbon worm, a howler monkey, an iguana, a jelly and 4
orcs.

Vanquished Creatures
  An adder (D:5)
  A dart slug (D:5)
  An orc (D:5)
3 creatures vanquished.

Notes
Turn   | Place    | Note
-------+----------+-------------------------------------------
     0 | D:5      | Esekla the Octopode Delver began the quest for the Orb.
     0 | D:5      | Reached XP level 1. HP: 16/16 MP: 1/1
     1 | D:5      | Noticed a bombardier beetle
     9 | D:5      | Noticed a hound
    10 | D:5      | Noticed an iguana
    17 | D:5      | Noticed a scorpion
    17 | D:5      | Noticed an iguana
    38 | D:5      | Reached XP level 2. HP: 13/21 MP: 2/2
   102 | D:5      | Reached skill level 7 in Stealth
   117 | D:5      | Noticed a howler monkey
   124 | D:5      | Found a radiant altar of Vehumet.
   127 | D:5      | Noticed an ogre
   127 | D:5      | Noticed an ogre
   132 | D:5      | Found a shimmering blue altar of Sif Muna.
   134 | D:5      | Slain by an ogre

Illustrated notes

Levels and vault maps discovered:
D:5:      minmay_thinvault, layout_gridville, mainiacjoe_overflow_big_doors,
          kennysheep_generic_room_9

Skill      XL: |  1  2 |
---------------+-------+-----
Stealth        | 7 |  7.0
Fighting       | |  3.1
Long Blades    | |  2.1
Dodging        | |  2.1
Spellcasting   | |  0.3

Action                     || total
---------------------------++-------
  Melee: Falchion          ||     7
         Constrict         ||     2
         Tentacles         ||     1
  Evoke: Wand              ||     1
    Use: Scroll            ||     1
   Stab: Sleeping          ||     1
 Armour: Skin              ||     7
  Dodge: Dodged            ||    12
